 Dungeon Crawl Stone Soup version 0.31-a0-229-g1fc7ce93e2 (webtiles) character file.

Game seed: 5341641113634995372

129031 Shard1697 the Peltast (level 16, -3/154 HPs)
             Began as an Armataur Fighter on July 6, 2023.
             Was an Initiate of Gozag.
             Killed from afar by a sun moth (11 damage)
             ... with a sticky flame
             ... on level 2 of the Spider Nest.
             The game lasted 00:52:15 (33917 turns).

Shard1697 the Peltast (Armataur Fighter)           Turns: 33917, Time: 00:52:16

Health: -3/154     AC: 23    Str: 26      XL:     16   Next: 49%
Magic:  25/25      EV: 13    Int:  8 (10) God:    Gozag
Gold:   4796       SH: 19    Dex: 11 (12) Spells: 15/15 levels left

rFire   . . .        a - +9 eveningstar (distort)
rCold   . . .        y - +0 tower shield
rNeg    . . .        Q - +3 scale mail {rPois}
rPois   +            g - +0 helmet
rElec   +            w - +2 cloak {Will+}
rCorr   .            P - +0 pair of gloves of the Fig {rElec MP+9}
SInv    .            (no barding)
Will    ++...        R - amulet of magic regeneration Stlth
                     F - +4 ring of protection
HPRegen 0.45/turn    Y - +5 ring of evasion
MPRegen 0.59/turn

%: roll
@: on fire, gold aura, glowing
A: large, rugged brown scales 3, deformed body, armoured tail, roll, long
tongue, awkward tongue
a: Renounce Religion, Potion Petition, Call Merchant, Bribe Branch


You were on level 2 of the Spider Nest.
You worshipped Gozag.
Gozag was most pleased with you.
You visited 5 branches of the dungeon, and saw 25 of its levels.
You also visited: Sewer.

You collected 10918 gold pieces.
You spent 2180 gold pieces at shops.
You paid 3942 gold pieces to Gozag.

Inventory:

Hand Weapons
 a - a +9 eveningstar of distortion (weapon)
Missiles
 s - 3 throwing nets
 B - 6 curare-tipped darts
Armour
 g - a +0 helmet (worn)
 w - a +2 cloak of willpower (worn)
 y - a +0 tower shield (worn)
 I - a +2 ring mail of cold resistance
 M - a +2 plate armour of fire resistance
 P - the +0 pair of gloves of the Fig (worn) {rElec MP+9}
   (You bought it in a shop on level 2 of the Orcish Mines)

   rElec:     It insulates you from electricity.
   MP:        It affects your magic capacity (+9).
 Q - a +3 scale mail of poison resistance (worn)
Jewellery
 c - a ring of fire
 t - a ring of protection from cold
 u - a ring of resist corrosion
 D - a ring of flight
 F - a +4 ring of protection (left hand)
 G - the ring of the Invisible Hand {rC+ rN+ Will+ Str+3 Slay-2}
   (You found it on level 1 of the Lair of Beasts)

   [ring of positive energy]

   Str:       It affects your strength (+3).
   Slay:      It affects your accuracy & damage with ranged weapons and melee
   (-2).
   rC:        It protects you from cold.
   rN:        It protects you from negative energy.
   Will:      It increases your willpower.
 L - the ring of Fiuwk {Wiz rN+ rCorr Stlth+}
   (You bought it in a shop on level 2 of the Orcish Mines)

   [ring of wizardry]

   It improves your spell success rate.
   rN:        It protects you from negative energy.
   rCorr:     It protects you from acid and corrosion.
   Stlth:     It makes you more stealthy.
 R - an amulet of magic regeneration (around neck)
 Y - a +5 ring of evasion (right hand)
Wands
 r - a wand of digging (21)
 C - a wand of flame (1)
 E - a wand of roots (9)
 S - a wand of charming (4)
Scrolls
 d - 2 scrolls of blinking
 f - 3 scrolls of immolation
 i - 5 scrolls of fear
 j - 3 scrolls of fog
 k - 5 scrolls of amnesia
 n - 3 scrolls of vulnerability
 p - 15 scrolls of identify
 q - 5 scrolls of teleportation
 A - 3 scrolls of poison
 K - a scroll of revelation
 N - a scroll of silence
 O - 3 scrolls of enchant armour
Potions
 b - a potion of might
 e - 3 potions of curing
 l - 5 potions of enlightenment
 m - 4 potions of haste
 o - 3 potions of attraction
 v - a potion of brilliance {unknown}
 x - 6 potions of mutation
 z - 8 potions of cancellation
 H - 5 potions of ambrosia
 U - 2 potions of resistance {unknown}
Miscellaneous
 V - a sack of spiders
 W - a lightning rod (4/4)


   Skills:
 + Level 13.3 Fighting
 + Level 15.7 Maces & Flails
 + Level 12.3 Armour
 - Level 2.2 Dodging
 + Level 17.2 Shields
 - Level 10.1 Evocations


You had 15 spell levels left.
You didn't know any spells.
Your spell library contained the following spells:

 Spells                   Type           Power      Damage    Failure   Level
 Apportation              Tloc           0%         N/A       85%         1
 Magic Dart               Conj           0%         1d3       85%         1
 Slow                     Hex            0%         N/A       85%         1
 Call Imp                 Summ           0%         N/A       94%         2
 Cigotuvi's Dreadful Rot  Necr/Pois/Air  0%         N/A       94%         2
 Ensorcelled Hibernation  Hex/Ice        0%         N/A       94%         2
 Lesser Beckoning         Tloc           0%         N/A       94%         2
 Frozen Ramparts          Ice            0%         1d1       99%         3
 Gell's Gravitas          Tloc           0%         N/A       99%         3
 Ignite Poison            Fire/Tmut/Pois 0%         N/A       99%         3
 Inner Flame              Hex/Fire       0%         N/A       99%         3
 Mephitic Cloud           Conj/Pois/Air  0%         N/A       99%         3
 Ozocubu's Armour         Ice            0%         N/A       99%         3
 Portal Projectile        Hex/Tloc       0%         N/A       99%         3
 Teleport Other           Tloc           0%         N/A       99%         3
 Tukima's Dance           Hex            0%         N/A       99%         3
 Volatile Blastmotes      Fire/Tloc      0%         2d10      99%         3
 Flame Wave               Conj/Fire      0%         2d4       100%        4
 Fulminant Prism          Conj/Hex       0%         3d5       100%        4
 Ice Form                 Ice/Tmut       0%         N/A       100%        4
 Iskenderun's Mystic Bla  Conj/Tloc      0%         2d3       100%        4
 Leda's Liquefaction      Hex/Erth       0%         N/A       100%        4
 Petrify                  Tmut/Erth      0%         N/A       100%        4
 Sticky Flame             Conj/Fire      0%         2d3       100%        4
 Summon Ice Beast         Ice/Summ       0%         N/A       100%        4
 Alistair's Intoxication  Tmut/Pois      0%         N/A       100%        5
 Blade Hands              Tmut           0%         N/A       100%        5
 Freezing Cloud           Conj/Ice/Air   0%         6-21      100%        5
 Irradiate                Conj/Tmut      0%         3d11      100%        5
 Lee's Rapid Deconstruct  Erth           0%         3d4*      100%        5
 Metabolic Englaciation   Hex/Ice        0%         N/A       100%        5
 Leda's Unmaking          Conj/Erth      0%         9d1       100%        6
 Statue Form              Tmut/Erth      0%         N/A       100%        6
 Dragon Form              Tmut           0%         N/A       100%        7
 Ozocubu's Refrigeration  Ice            0%         4d7       100%        7
 Discord                  Hex            0%         N/A       100%        8


Dungeon Overview and Level Annotations

Branches:
Dungeon (15/15)            Temple (1/1) D:4            Lair (5/5) D:8
  Swamp (0/4) Lair:3       Spider (2/4) Lair:3        Slime (0/5) Lair:4
    Orc (2/2) D:12            Elf (0/3) Orc:2        Vaults (0/5) D:13
 Depths (0/4) D:15          Sewer (visited)

Altars:
Ashenzari
Cheibriados
Dithmenos
Elyvilon
Fedhas
Gozag
Hepliaklqana
Kikubaaqudgha
Makhleb
Okawaru
Ru
Sif Muna
Trog
Wu Jian
Xom
Yredelemnul
Zin
The Shining One
Jiyva
Lugonu

Shops:
D:2 [   D:14 (   Orc:2 ?(([*?[=(

Portals:
Abyss: D:14 Lair:5

Annotations:
D:9 2 transporters, exclusion: oklob plant, 12572944's ghost, novice MiFi
D:14 2 transporters, Uummannaq's ghost, journeyman MiFi


Innate Abilities, Weirdness & Mutations

You are completely covered in rugged brown scales. (AC +3, +7% HP)
Armour fits poorly on your strangely shaped body.
You have a long armoured tail.
You roll when moving toward enemies. (Rampage)
Your long tongue fully drains potion bottles. (2x potion effects)
Your tongue gives you trouble enunciating. (1.5x scroll delay)


Message History

The sun moth closely misses you.
You barely miss the sun moth.
The sun moth is moderately wounded.
The sun moth bites you!
You closely miss the sun moth.
Your tail-slap misses the sun moth.
The sun moth is moderately wounded.
The sun moth is no longer distracted by gold.
The jumping spider is no longer distracted by gold.
You block the sun moth's attack.
The jumping spider leaps!
You skewer the sun moth like a kebab!!!
Space warps around the sun moth.
The sun moth is severely wounded.
You hear an angry buzzing noise.
You hear a faint skittering sound.
The jumping spider leaps!
You block the sun moth's attack. The sun moth throws energy at you.
The bolt of energy hits you!!
* * * LOW HITPOINT WARNING * * *
You hear a skittering sound.
You feel better.
You slurp down every last drop of the potion of curing!
The jumping spider leaps!
The sun moth bites you.
* * * LOW HITPOINT WARNING * * *
You are covered in liquid flames.
You are covered in liquid flames!
The jumping spider pounces on you but does no damage.
The jumping spider bites you but does no damage.
The sun moth throws energy at you. The bolt of energy hits you!!
* * * LOW HITPOINT WARNING * * *
You feel better.
You slurp down every last drop of the potion of curing!
You are covered in liquid flames!
* * * LOW HITPOINT WARNING * * *
The jumping spider leaps!
You block the sun moth's attack.
The jumping spider is distracted by your dazzling golden aura.
The sun moth bites you but does no damage.
The sun moth throws sticky fire at you. The sticky flame hits you!
You are covered in liquid flames!
You die...
Your body crumbles into a pile of gold.

#...............#.#..#
#............#####..##
#^.......s.### ####.
##...#...(## #..
##....°.## ##.
#.....^##### ######
#.....^..... ##.....
.##### #.○sy#.##...
#...... ......#
##.y@.#..# .. ##.....
.......##$$###..#^# #
###...
....$..°.$....####..
#... .#.....○.##..#
##. ###.
#........^.#.# ##
#....)..##..##
.......#^.○...##
......####s###^ ......
#^^.


You could see 2 sun moths and 2 jumping spiders.

Vanquished Creatures
  A golden dragon (shapeshifter) (Lair:5)
  Rupert (D:15)
  Gastronok (Lair:1)
  A ghost moth (Spider:2)
  An emperor scorpion (Spider:2)
  Louise (D:15)
  A broodmother (Spider:2)
  Josephine (D:11)
  5 hydras
  Fannar (D:11)
  7 centaur warriors
  An ogre mage (D:13)
  3 jorogumos
  A death knight (D:13)
  3 two-headed ogres
  A radroach (Spider:1)
  2 boulder beetles
  19 death yaks
  A tengu warrior (D:14)
  2 demonic crawlers (Spider:1)
  2 thrashing horrors (Lair:5)
  3 orc high priests
  Urug (Lair:2)
  Nergalle (Orc:1)
  A skeletal warrior (D:15)
  Lodul (D:11)
  2 skysharks (Lair:2)
  2 pharaoh ants (Spider:1)
  2 large abominations (Lair:5)
  5 orb spiders
  7 orc knights
  A deep elf zephyrmancer (D:15)
  3 steelbarb worms
  A necromancer (D:15)
  Pikel (D:9)
  8 orc sorcerers
  6 wolf spiders
  16 ugly things
  5 manticores
  6 elephants
  6 cyclopes
  A manticore (shapeshifter) (Lair:5)
  3 moths of wrath (Spider:2)
  A torpor snail (Lair:3)
  8 black mambas
  2 gargoyles
  A smoke demon (Lair:5)
  9 cane toads
  2 naga magi (D:15)
  Psyche (D:8)
  Maggie (Lair:1)
  2 unseen horrors (D:11)
  A centaur skeleton (D:15)
  4 kobold demonologists
  An efreet (D:13)
  4 komodo dragons
  2 rime drakes
  An ancient zyme (Lair:5)
  A merfolk (shapeshifter) (Lair:5)
  A tengu conjurer (D:14)
  A queen bee (Lair:3)
  3 meliai (D:15)
  A polar bear (Lair:2)
  6 trolls
  A wolf spider simulacrum (D:15)
  7 tarantellas
  A queen bee (shapeshifter) (D:14)
  2 hornets (D:9)
  4 dream sheep (Lair:4)
  12 blink frogs (Lair:5)
  A vampire (D:12)
  14 jumping spiders
  A shadow (D:8)
  3 water elementals (D:13)
  4 slime creatures (D:15)
  An air elemental (D:13)
  7 culicivoras
  3 spriggans
  10 wyverns
  9 wraiths
  9 basilisks
  47 yaks
  5 vampire mosquitoes
  The ghost of innerfire43 the Trooper, an amateur DsMo of Trog (D:3)
  A fire elemental (D:13)
  A chaos spawn (Lair:5)
  24 redbacks
  Menkaure (D:7)
  5 steam dragons
  5 wargs
  19 water moccasins
  4 acid dragons
  Pargi (Sewer)
  14 orc warriors
  A meliai simulacrum (D:14)
  A hornet zombie (D:15)
  6 black bears
  12 ogres
  A sky beast (D:7)
  11 small abominations (Lair:5)
  30 wolves
  3 phantoms
  16 centaurs
  A lemure (D:9)
  6 bullfrogs
  8 kobold brigands
  3 scorpions
  An earth elemental (D:13)
  2 gnoll sergeants
  7 wights
  A hornet simulacrum (D:15)
  38 killer bees
  5 electric eels
  5 howler monkeys
  14 orc priests
  4 hounds
  7 jellies
  3 gnoll boudas
  3 iron imps (D:4)
  Jessica (D:2)
  6 iguanas
  28 orc wizards
  A sleepcap (D:5)
  Natasha (thrice) (D:4)
  5 hell rats (Lair:5)
  23 gnolls
  9 adders
  A river rat (Lair:3)
  4 shadow imps
  2 white imps
  5 worms
  59 orcs
  5 endoplasms
  2 giant cockroaches
  9 goblins
  7 hobgoblins
  5 quokkas
  3 ball pythons
  14 bats
  2 frilled lizards
  22 kobolds
  7 rats
820 creatures vanquished.

Vanquished Creatures (others)
  A death yak (Lair:5)
  A wyvern (D:8)
  A culicivora (Spider:2)
  A black bear (D:8)
  An orc priest (Orc:2)
  An orc wizard (D:11)
6 creatures vanquished.

Grand Total: 826 creatures vanquished

Notes
Turn   | Place    | Note
-------+----------+-------------------------------------------
     0 | D:1      | Shard1697 the Armataur Fighter began the quest for the Orb.
     0 | D:1      | Reached XP level 1. HP: 19/19 MP: 1/1
   236 | D:1      | Reached XP level 2. HP: 13/26 MP: 2/2
   914 | D:2      | Reached XP level 3. HP: 32/32 MP: 3/3
  1117 | D:2      | Found Cureonk's Armour Shop.
  1118 | D:2      | Noticed Jessica
  1123 | D:2      | Killed Jessica
  1139 | D:2      | Reached XP level 4. HP: 35/39 MP: 4/4
  1944 | D:3      | Found a runed translucent gate.
  1944 | D:3      | Noticed innerfire43's ghost (amateur DsMo)
  1947 | D:3      | Found a runed translucent gate.
  1948 | D:3      | Found a runed translucent gate.
  1995 | D:3      | Found a glowing drain.
  2012 | Sewer    | Entered a sewer
  2044 | Sewer    | Noticed Pargi
  2054 | Sewer    | Killed Pargi
  2055 | Sewer    | Reached skill level 5 in Maces & Flails
  2055 | Sewer    | Reached XP level 5. HP: 42/44 MP: 5/5
  2453 | D:3      | Reached XP level 6. HP: 54/54 MP: 6/6
  2531 | D:3      | Found a shimmering blue altar of Sif Muna.
  3000 | D:4      | Found a staircase to the Ecumenical Temple.
  3069 | Temple   | Entered the Ecumenical Temple
  3182 | Temple   | Became a worshipper of Gozag Ym Sagoz the Greedy
  3241 | D:4      | Reached XP level 7. HP: 45/63 MP: 7/7
  3344 | D:2      | Bought a +2 cloak of willpower for 215 gold pieces
  3408 | D:3      | Killed innerfire43's ghost
  3487 | D:4      | Noticed a wyvern
  3493 | D:4      | Killed a wyvern
  3559 | D:4      | Reached skill level 5 in Fighting
  3633 | D:4      | Noticed Natasha
  3643 | D:4      | Killed Natasha
  3689 | D:4      | Reached XP level 8. HP: 66/73 MP: 8/8
  3784 | D:4      | Noticed Natasha
  3789 | D:4      | Killed Natasha
  3903 | D:4      | Noticed Natasha
  3911 | D:4      | Killed Natasha
  4073 | D:4      | Found a burning altar of Makhleb.
  4292 | D:5      | Entered Level 5 of the Dungeon
  4614 | D:5      | Found a shadowy altar of Dithmenos.
  5143 | D:5      | Found a sacrificial altar of Ru.
  5275 | D:6      | Reached XP level 9. HP: 61/84 MP: 9/9
  6272 | D:7      | Noticed Menkaure
  6402 | D:7      | Killed Menkaure
  6980 | D:7      | Reached skill level 10 in Maces & Flails
  7400 | D:7      | Identified the +0 robe of Gravitas {rCorr Int+5}
  7424 | D:7      | Reached XP level 10. HP: 92/94 MP: 10/10
  7523 | D:8      | Found a shimmering altar of Xom.
  7689 | D:8      | Noticed an elephant
  7704 | D:8      | Killed an elephant
  7717 | D:8      | Found a staircase to the Lair.
  8607 | D:8      | Noticed Psyche
  8613 | D:8      | Killed Psyche
  8614 | D:8      | Reached skill level 10 in Fighting
  9135 | D:9      | Noticed a red ugly thing
  9139 | D:9      | Found a transporter.
  9145 | D:9      | Noticed an oklob plant
  9146 | D:9      | Noticed a gargoyle
  9268 | D:9      | Noticed a two-headed ogre
  9275 | D:9      | Killed a two-headed ogre
  9297 | D:9      | Noticed Pikel
  9327 | D:9      | Killed Pikel
  9340 | D:9      | Noticed 12572944's ghost (novice MiFi)
  9346 | D:9      | Found a transporter.
  9404 | D:9      | Paralysed by a hornet for 2 turns
  9409 | D:9      | Paralysed by a hornet for 2 turns
  9747 | D:9      | Found a bloodstained altar of Trog.
  9934 | D:9      | Reached XP level 11. HP: 102/108 MP: 11/11
  9944 | D:10     | Entered Level 10 of the Dungeon
 10017 | D:10     | Found a broken altar of Ashenzari.
 10469 | D:10     | Found a snail-covered altar of Cheibriados.
 10526 | D:10     | Found an ornate altar of the Wu Jian Council.
 10541 | D:10     | Reached skill level 4 in Shields
 10582 | D:10     | Reached skill level 5 in Armour
 10818 | D:10     | Found a basalt altar of Yredelemnul.
 11002 | D:11     | Noticed Josephine
 11003 | D:11     | Noticed Fannar
 11033 | D:11     | Reached skill level 5 in Shields
 11061 | D:11     | Killed Fannar
 11373 | D:11     | Identified the +2 scale mail "Ankofe Bamat" {Dex+6}
 11391 | D:11     | Reached skill level 6 in Shields
 11607 | D:11     | Noticed Lodul
 11774 | D:11     | Killed Lodul
 12447 | D:12     | Reached XP level 12. HP: 64/117 MP: 12/12
 12629 | D:12     | Reached skill level 7 in Shields
 13091 | D:12     | Noticed a boulder beetle
 13313 | D:12     | Killed a boulder beetle
 13893 | D:12     | Found a staircase to the Orcish Mines.
 13899 | Orc:1    | Entered Level 1 of the Orcish Mines
 13919 | Orc:1    | Reached skill level 8 in Shields
 14164 | Orc:1    | Noticed Nergalle
 14185 | Orc:1    | Killed Nergalle
 15133 | Orc:2    | Entered Level 2 of the Orcish Mines
 15257 | Orc:2    | Noticed an orc high priest
 15270 | Orc:2    | Killed an orc high priest
 15270 | Orc:2    | Found Ocicwo's Magic Scroll Shop.
 15271 | Orc:2    | Reached skill level 1 in Evocations
 15532 | Orc:2    | Reached skill level 9 in Shields
 15642 | Orc:2    | Bought a scroll of revelation for 120 gold pieces
 15642 | Orc:2    | Bought a scroll of silence for 152 gold pieces
 15642 | Orc:2    | Bought a scroll of teleportation for 48 gold pieces
 15642 | Orc:2    | Bought a scroll of teleportation for 48 gold pieces
 15642 | Orc:2    | Bought a scroll of identify for 32 gold pieces
 15642 | Orc:2    | Bought a scroll of identify for 32 gold pieces
 15692 | Orc:2    | Found Sareome's Antique Weapon Boutique.
 15730 | Orc:2    | Reached skill level 10 in Armour
 15860 | Orc:2    | Reached skill level 1 in Dodging
 16169 | Orc:2    | Found a staircase to the Elven Halls.
 16221 | Orc:2    | Noticed an orc high priest
 16549 | D:12     | Reached XP level 13. HP: 84/101 MP: 13/13
 16699 | Orc:2    | Found Cimunig's Assorted Antiques.
 16699 | Orc:2    | Found Ocops's Armour Shoppe.
 16952 | Orc:2    | Found Poedweo's Antique Weapon Boutique.
 16952 | Orc:2    | Found Zigizir's Antique Weapon Boutique.
 17011 | Orc:2    | Bought a scroll of fear for 144 gold pieces
 17011 | Orc:2    | Bought a tower shield for 162 gold pieces
 17011 | Orc:2    | Bought a scroll of teleportation for 108 gold pieces
 17018 | Orc:2    | Bought the ring of Fiuwk {Wiz rN+ rCorr Stlth+} for 694
                  | gold pieces
 17020 | Orc:2    | Bought a scroll of enchant armour for 112 gold pieces
 17022 | Orc:2    | Bought a pair of polished gloves for 313 gold pieces
 17022 | Orc:2    | Identified the +0 pair of gloves of the Fig {rElec MP+9}
                  | (You bought it in a shop on level 2 of the Orcish Mines)
 17453 | Lair:1   | Entered Level 1 of the Lair of Beasts
 17692 | Lair:1   | Noticed Gastronok
 17708 | Lair:1   | Killed Gastronok
 17709 | Lair:1   | Reached skill level 10 in Shields
 18300 | Lair:1   | Noticed Maggie
 18315 | Lair:1   | Killed Maggie
 18351 | Lair:1   | Reached skill level 11 in Shields
 18551 | Lair:1   | Reached skill level 12 in Shields
 19283 | Lair:1   | Identified the ring of the Invisible Hand {rC+ rN+ Will+
                  | Str+3 Slay-2}
 19854 | Lair:2   | Reached skill level 13 in Shields
 19970 | Lair:2   | Noticed Urug
 20024 | Lair:2   | HP: 6/186 [death yak (17)]
 20039 | Lair:2   | Killed Urug
 20378 | Lair:2   | Reached skill level 14 in Shields
 20378 | Lair:2   | Reached XP level 14. HP: 117/132 MP: 14/14
 20788 | Lair:3   | Found a hole to the Spider Nest.
 21221 | Lair:3   | Found a staircase to the Swamp.
 21418 | Lair:3   | Reached skill level 15 in Shields
 22508 | Lair:4   | Found a staircase to the Slime Pits.
 22524 | Lair:4   | Reached skill level 5 in Evocations
 22538 | Lair:4   | Found a viscous altar of Jiyva.
 23509 | Lair:5   | Entered Level 5 of the Lair of Beasts
 25352 | Lair:5   | Identified the +8 sling "Hell-Harrower" {heavy, rF+ rC+}
 25705 | Lair:5   | Identified the +0 plate armour of the Eight Shrikes {Fly
                  | rPois rC+ MP-9}
 25717 | Lair:5   | Reached XP level 15. HP: 141/141 MP: 15/15
 25736 | Lair:5   | Noticed an acid blob
 25748 | Lair:5   | an acid blob changed into a shadow dragon
 25748 | Lair:5   | Noticed a shadow dragon (shapeshifter)
 26443 | Lair:5   | Found a corrupted altar of Lugonu.
 26443 | Lair:5   | Found a one-way gate to the infinite horrors of the Abyss.
 26443 | Lair:5   | Noticed a golden dragon
 26482 | Lair:5   | Killed a golden dragon
 26971 | D:11     | Killed Josephine
 27067 | D:13     | Found a large runed translucent door.
 27067 | D:13     | Found a large runed translucent door.
 27195 | D:13     | Reached skill level 16 in Shields
 27199 | D:13     | Paralysed by an air elemental for 1 turns
 27222 | D:13     | Paralysed by an air elemental for 1 turns
 27256 | D:13     | Got Doheomas's Directory of the Ageless Ships
 28128 | D:13     | Found a gate to the Vaults.
 28782 | D:14     | Found a transporter.
 28791 | D:14     | Found a transporter.
 28894 | D:14     | Noticed Uummannaq's ghost (journeyman MiFi)
 28955 | D:14     | Noticed a daeva
 29315 | D:15     | Entered Level 15 of the Dungeon
 29373 | D:15     | Reached skill level 15 in Maces & Flails
 29704 | D:15     | Reached skill level 10 in Evocations
 29916 | D:15     | Noticed Rupert
 29925 | D:15     | Killed Rupert
 30365 | D:15     | Found a staircase to the Depths.
 30604 | D:15     | Found a blossoming altar of Fedhas.
 30633 | D:15     | Noticed Louise
 30645 | D:15     | Killed Louise
 31545 | Spider:1 | Entered Level 1 of the Spider Nest
 31652 | Spider:1 | Reached XP level 16. HP: 147/150 MP: 16/16
 32674 | Spider:1 | Identified a scroll of acquirement
 32677 | Spider:1 | Acquired 1119 gold pieces
 32755 | Spider:2 | Identified the +1 scale mail "Peirr" {rN+ Int+2}
 32971 | Spider:2 | Reached skill level 17 in Shields
 33916 | Spider:2 | HP: 3/154 [disintegration (29)]
 33917 | Spider:2 | Killed from afar by a sun moth

Illustrated notes

Levels and vault maps discovered:
D:1:      minmay_arrival_up_and_down, layout_basic, interstate_on_off,
          minmay_cupped
D:2:      cheibrodos_old_hovel, layout_basic, serial_shops, shop, uniq_jessica
D:3:      layout_basic, led_sif_pool, cheibrodos_sewer_entry_bend,
          ebering_ghost_rock_garden
D:4:      minmay_octagon_keep, layout_basic, demons_altar, uniq_natasha
D:5:      wander_river, layout_loops_ring, nicolae_dithmenos_the_darkroom,
          kennysheep_mini
D:6:      layout_cave_pods
D:7:      layout_basic, minivault_22, kennysheep_generic_room_16, uniq_menkaure
D:8:      layout_loops_corners, mainiacjoe_overflow_paths, david_lair_generic,
          uniq_psyche
D:9:      layout_small_grid, mainiacjoe_overflow_chevrons, nzn_ghost_randoct,
          item_on_display_a, uniq_pikel
D:10:     layout_cave_pools, lemuel_round_altar, kennysheep_mini_moat,
          pdpol_wu_jian_five_deadly_venoms, mainiacjoe_overflow_surrounded_room
D:11:     layout_basic, uniq_lodul, uniq_josephine, uniq_fannar
D:12:     layout_rooms, hiddenorc1_lemuel
D:13:     layout_irregular_city, david_vaults_2, chequers_serial_rivers_large_b,
          minivault_14, kennysheep_small_spiral, lightli_elemental_guards
D:14:     layout_loops_ring, gammafunk_ghost_abyssal_escape,
          small_statue_alley_a, evilmike_butchery
D:15:     grunt_enter_depths_magical_seal, layout_basic, fedhas_altar_1,
          uniq_rupert, uniq_louise
Temple:   minmay_temple_forest_path
Lair:1:   layout_layer_cave, grunt_forest_large_clearings, uniq_gastronok,
          uniq_maggie
Lair:2:   layout_layer_cave, uniq_urug
Lair:3:   regret_index_bee_streams, layout_chaotic_city,
          minmay_swamp_entry_eels, spider_nest_entry_a
Lair:4:   layout_regular_city, nicolae_slime_entry_field_trip
Lair:5:   hellmonk_lair_end_abyssal_woods, layout_regular_city, minivault_19,
          grunt_megastairs_3
Spider:1: layout_spider_delve
Spider:2: layout_spider_delve, nicolae_spider_eight_legs
Orc:1:    layout_caves, nicolae_orc_pool_cavern, uniq_nergalle
Orc:2:    st_orc_elflike, layout_caves, serial_shops, nicolae_shop_trees,
          guppyfry_orc_lava_fort

Skill      XL: |  1  2  3  4  5  6  7  8  9 10 11 12 13 14 15 16 |
---------------+-------------------------------------------------+-----
Maces & Flails | 2 3 4 5 6 7 8 10 11 12 13 14 15 | 15.7
Fighting       | 3 4 5 7 9 10 11 12 13 | 13.3
Armour         | 7 10 11 12 | 12.3
Shields        | 6 9 14 15 16 17 | 17.2
Evocations     | 3 4 7 10 | 10.1
Dodging        | 1 2 |  2.2

Action                     |  1- 3 |  4- 6 |  7- 9 | 10-12 | 13-15 | 16-18 || total
---------------------------+-------+-------+-------+-------+-------+-------++-------
  Melee: Flail             |    74 |   128 |   329 |  1012 |  2007 |       ||  3550
         Tailslap          |     7 |    16 |    49 |   166 |   384 |    34 ||   656
         War axe           |       |     7 |     3 |    35 |     3 |       ||    48
         Eveningstar       |       |       |       |       |    53 |   245 ||   298
 Invoke: Call Merchant     |       |       |       |       |     4 |       ||     4
         Potion Petition   |       |       |       |       |     1 |       ||     1
  Evoke: Wand              |       |       |       |       |    18 |       ||    18
         Lightning rod     |       |       |       |       |     5 |       ||     5
    Use: Scroll            |       |    11 |     5 |     7 |     9 |     4 ||    36
         Potion            |       |     2 |       |     6 |    10 |     3 ||    21
   Stab: Invisible         |       |     2 |       |     2 |       |       ||     4
         Distracted        |       |       |       |     3 |     6 |       ||     9
 Armour: Scale mail        |    36 |    82 |   189 |   142 |   509 |    89 ||  1047
         Ring mail         |       |       |       |   261 |       |       ||   261
         Skin              |       |       |       |    32 |    32 |       ||    64
         Chain mail        |       |       |       |   131 |       |       ||   131
         Plate armour      |       |       |       |   107 |   351 |       ||   458
  Dodge: Dodged            |    24 |    45 |    82 |   263 |   330 |    76 ||   820
  Block: Buckler           |    14 |    32 |    74 |   197 |    39 |       ||   356
         Tower shield      |       |       |       |       |  1495 |   200 ||  1695

Table legend: (Time is in decaauts)
 A = Elapsed time spent in this place.
 B = Non-inter-level travel time spent in this place.
 C = Inter-level travel time spent in this place.
 D = Time resting spent in this place.
 E = Time spent auto-exploring this place.
 F = Levels seen in this place.
 G = Mean time per level.
                   A        B        C        D        E       F      G
               +--------+--------+--------+--------+--------+-----+--------+
         Total |  33407 |  32108 |   1299 |   6089 |  18091 |  26 | 1284.9 |
       Dungeon |  18887 |  18010 |    877 |   3414 |  10501 |  15 | 1259.1 |
        Temple |    155 |    115 |     40 |      0 |      0 |   1 |  155.0 |
          Lair |   9129 |   8856 |    273 |   1264 |   5273 |   5 | 1825.8 |
   Spider Nest |   2345 |   2313 |     32 |    732 |   1043 |   2 | 1172.5 |
  Orcish Mines |   2796 |   2720 |     76 |    679 |   1241 |   2 | 1398.0 |
         Sewer |     93 |     93 |      0 |      0 |     33 |   1 |   93.0 |
               +--------+--------+--------+--------+--------+-----+--------+

Top non-repeatable levels by time:
  Lair:5: 3073 daAuts
    D:15: 2042 daAuts
  Lair:1: 1988 daAuts
    D:12: 1893 daAuts
   Orc:2: 1780 daAuts
    D:11: 1750 daAuts
  Lair:3: 1649 daAuts
     D:6: 1501 daAuts
    D:13: 1477 daAuts
Spider:1: 1424 daAuts
     D:8: 1329 daAuts
     D:4: 1266 daAuts
  Lair:2: 1229 daAuts
     D:2: 1189 daAuts
  Lair:4: 1188 daAuts
